AoeStats
← tapiatemo

Golden Pit

510243919Analyzed
1v1 RM · 1d ago on Sep 30, 2026· 46m 6s· 2 players
Game mode
Random Map
Map size
Tiny (2 player)
Population
200
Speed
Normal
Resources
Standard
Victory
Conquest
Starting age
Dark Age
Ending age
Imperial Age
RankedLock teamsTeams togetherTeam positionsShared explorationLock speedFull tech treeHidden civsTurbo modeCheats
Victory
Defeat
🇺🇸 Magyars · United States
1181
+15
🇲🇽 Celts · Mexico
1154
-15
tapiatemo
4:57 Loom
13:18 Feudal Age
18:03 Castle Age
26:30 Fletching
43:45 Scale Mail Armor
43:55 Forging
Baberum
8:15 Loom
10:22 Feudal Age
13:50 Double-Bit Axe
15:00 Bloodlines
21:23 Castle Age
20:23 Horse Collar
20:46 Fletching
20:57 Padded Archer Armor
22:08 Bodkin Arrow
25:41 Wheelbarrow
25:33 Husbandry
26:38 Thumb Ring
28:35 Heavy Plow
35:04 Imperial Age
35:54 Bracer
37:00 Parthian Tactics
36:19 Light Cavalry
40:01 Scale Barding Armor
44:28 Chain Barding Armor
Connection lost

Rejoining the realm…

Still unreachable

The connection could not be restored.

Session expired

The server has moved on; the page needs a fresh start.